 Dungeon Crawl Stone Soup version 0.19.5 (webtiles) character file.

64 JeffiDaFish the Grave Robber (level 3, 0/24 HPs)
             Began as a Demonspawn Necromancer on Mar 8, 2017.
             Succumbed to an adder's poison
             ... on level 2 of the Dungeon.
             The game lasted 00:06:34 (1832 turns).

JeffiDaFish the Grave Robber (DsNe)                 Turns: 1832, Time: 00:06:35

Health: 0/24       AC:  5    Str:  8    XL:     3   Next: 91%
Magic:  15/15      EV: 10    Int: 18    God:
Gold:   109        SH:  0    Dex: 14    Spells: 2 memorised, 5 levels left

rFire  . . .     SeeInvis .     h - +0 short sword
rCold  . . .     Gourm    .     e - +0 ring mail
rNeg   . . .     Faith    +     (no shield)
rPois  .         Spirit   .     (helmet restricted)
rElec  .         Reflect  .     (no cloak)
rCorr  .         Harm     .     (no gloves)
MR     .....     Rnd*Rage +     (no boots)
Stlth  +.........               g - amulet of faith
                                (no ring)
                                k - ring of magical power

@: lethally poisoned (0 -> -1)
A: antennae 1, claws 1, talons 1, berserk 1, clever 1, evolution 1
a: no special abilities


You were on level 2 of the Dungeon.
You were not hungry.

You visited 1 branch of the dungeon, and saw 2 of its levels.

You collected 109 gold pieces.

Inventory:

Hand Weapons
 h - a +0 short sword (weapon)
Armour
 e - a +0 ring mail (worn)
Jewellery
 g - an amulet of faith (around neck)
 k - a ring of magical power (left claw)
Scrolls
 j - a scroll of identify
Books
 b - a book of Necromancy

   Spells                             Type                      Level
   a - Pain                           Necromancy                   1
   b - Animate Skeleton               Necromancy                   1
   c - Vampiric Draining              Necromancy                   3
   d - Regeneration                   Charms/Necromancy            3
   e - Animate Dead                   Necromancy                   4
   f - Control Undead                 Necromancy                   4
Comestibles
 a - a slice of pizza
 c - a bread ration
 f - a meat ration
 i - a royal jelly


   Skills:
 + Level 0.2 Fighting
 + Level 0.1 Short Blades
 + Level 0.5 Armour
 + Level 2.1 Dodging
 + Level 1.7 Stealth
 + Level 0.1 Unarmed Combat
 + Level 2.5 Spellcasting
 + Level 5.3 Necromancy


You had 5 spell levels left.
You knew the following spells:

 Your Spells              Type           Power        Failure   Level  Hunger
a - Pain                  Necr           ###.         10%         1    #......
b - Animate Skeleton      Necr           N/A          10%         1    #......


Dungeon Overview and Level Annotations

Branches:
Dungeon (2/15)

Altars:


Innate Abilities, Weirdness & Mutations

You have a pair of small antennae on your head.
You have sharp fingernails.
You have sharp toenails.
You tend to lose your temper in combat.
Your mind is acute. (Int +2)
You evolve.


Message History

You aren't carrying any potions.
There is a lethal amount of poison in your body!
There is a lethal amount of poison in your body!
There is a lethal amount of poison in your body!
* * * LOW HITPOINT WARNING * * *
You feel sick.
* * * LOW HITPOINT WARNING * * *
You feel sick.
* * * LOW HITPOINT WARNING * * *
You feel sick.
There is a lethal amount of poison in your body!
* * * LOW HITPOINT WARNING * * *
You feel sick.
* * * LOW HITPOINT WARNING * * *
You feel sick.
Your magical contamination has completely faded away.
There is a lethal amount of poison in your body!
* * * LOW HITPOINT WARNING * * *
You feel sick.
You die...

######### #.......#
######.#####.#
.......#####.####
.##.)...........#
.##.##.#####.##.#
....##.#####.##.#####
...###.......##.@...#
...###.############.#
.......###...# *,*
...#.......#.# *,*
##.#.......#.#
****,****
#.#.......#.#
*,,,>,,,*
#.##..♣..##.#
*,**,**,*
#..##♣♣♣##..#
*,**,**,*
##.######...#
*,**,**,*


There were no monsters in sight!

Vanquished Creatures
  2 adders (D:2)
  2 oozes (D:2)
  A dart slug (D:1)
  4 leopard geckos (D:2)
  3 bats
  A giant cockroach (D:1)
  4 goblins
  5 hobgoblins
  A kobold (D:2)
  2 frilled lizards (D:2)
  5 rats
30 creatures vanquished.

Vanquished Creatures (collateral kills)
  A dart slug (D:1)
  A ball python (D:2)
2 creatures vanquished.

Grand Total: 32 creatures vanquished

Notes
Turn   | Place    | Note
-------+----------+-------------------------------------------
     0 | D:1      | JeffiDaFish the Demonspawn Necromancer began the quest for the Orb.
     0 | D:1      | Reached XP level 1. HP: 13/13 MP: 3/3
    21 | D:1      | Learned a level 1 spell: Animate Skeleton
   383 | D:1      | Gained mutation: You have a pair of small antennae on your head. [demonic ancestry]
   383 | D:1      | Reached XP level 2. HP: 17/19 MP: 0/5
   649 | D:1      | Gained mutation: You have sharp toenails. [potion of mutation]
   649 | D:1      | Gained mutation: Your mind is acute. (Int +2) [potion of mutation]
   649 | D:1      | Gained mutation: You tend to lose your temper in combat. [potion of mutation]
   650 | D:1      | Gained mutation: Your mind is very acute. (Int +4) [potion of mutation]
   650 | D:1      | Gained mutation: You evolve. [potion of mutation]
   650 | D:1      | Lost mutation: Your mind is very acute. (Int +4) [potion of mutation]
  1081 | D:2      | Reached skill level 5 in Necromancy
  1140 | D:2      | Gained mutation: You have sharp fingernails. [demonic ancestry]
  1140 | D:2      | Reached XP level 3. HP: 8/24 MP: 1/6
  1824 | D:2      | HP: 1/24 [poisoned by an adder]
  1832 | D:2      | Succumbed to an adder's poison

Skill      XL: |  1  2 |
---------------+-------+-----
Dodging        | 2 |  2.1
Necromancy     | 5 |  5.3
Fighting       | |  0.2
Short Blades   | |  0.1
Armour         | |  0.5
Stealth        | |  1.7
Unarmed Combat | |  0.1
Spellcasting   | |  2.5

Action                   || total
-------------------------++-------
Melee: Unarmed           ||    17
       Short sword       ||    40
       Kick              ||     5
 Cast: Pain              ||    44
       Animate Skeleton  ||    13
  Use: Scroll            ||     3
       Potion            ||     2
  Eat: Chunk             ||     3
Armor: Robe              ||     5
       Ring mail         ||    18
Dodge: Dodged            ||    29
